 Dungeon Crawl Stone Soup version 0.22.1-1-ga44c0e56f4 (webtiles) character file.

26770 Gargoyl the Protected (level 13, -1/110 HPs)
             Began as a Centaur Abyssal Knight on Oct 24, 2018.
             Was a Priest of Lugonu.
             Slain by a catoblepas (7 damage)
             ... on level 3 of the Lair of Beasts on Oct 25, 2018.
             The game lasted 00:37:29 (31250 turns).

Gargoyl the Protected (Centaur Abyssal Knight)     Turns: 31250, Time: 00:37:29

Health: -1/110     AC: 20    Str: 16    XL:     13   Next: 0%
Magic:  20/20      EV:  1    Int: 11    God:    Lugonu [***...]
Gold:   908        SH:  0    Dex: 13    Spells: 12/12 levels left

rFire    . . .     SeeInvis .   A - +1 hand axe (freeze)
rCold    . . .     Gourm    .   q - +0 shield
rNeg     + + +     Faith    .   l - +1 plate armour
rPois    ∞         Spirit   .   (no helmet)
rElec    .         Reflect  .   s - +0 cloak {+Inv}
rCorr    .         Harm     .   d - +2 pair of gloves
MR       +....                  (no barding)
Stlth    ..........             f - amulet of the acrobat
HPRegen  0.28/turn              m - ring of protection from magic
MPRegen  0.17/turn              L - +1 ring of slaying

@: petrified, very quick
A: large, hooves 3, rugged brown scales 1, blink, deformed body, speed 2, tough
skin 3
a: Blink, Depart the Abyss, Bend Space, Banish, Renounce Religion, Evoke
Invisibility


You were on level 3 of the Lair of Beasts.
You worshipped Lugonu.
Lugonu was most pleased with you.
You were not hungry.

You visited 2 branches of the dungeon, and saw 16 of its levels.
You visited the Abyss 2 times.

You collected 908 gold pieces.

Inventory:

Hand Weapons
 a - a +2 hand axe
 A - a +1 hand axe of freezing (weapon)
 I - a +0 long sword of holy wrath
 K - a +0 broad axe
Missiles
 k - 8 javelins
 E - 3 steel javelins
 G - 2 poisoned javelins (quivered)
Armour
 d - a +2 pair of gloves (worn)
 l - a +1 plate armour (worn)
 q - a +0 shield (worn)
 s - a +0 cloak of invisibility (worn)
Jewellery
 f - an amulet of the acrobat (around neck)
 m - a ring of protection from magic (left hand)
 L - a +1 ring of slaying (right hand)
Wands
 e - a wand of disintegration (12)
 g - a wand of acid (6)
 h - a wand of digging (16)
 j - a wand of enslavement (22)
 n - a wand of flame (55)
 x - a wand of scattershot (1)
 F - a wand of random effects (25)
 J - a wand of polymorph (12)
Scrolls
 b - 5 scrolls of identify
 i - 5 scrolls of teleportation
 o - 4 scrolls of remove curse
 t - 2 scrolls of fog
 w - 3 scrolls of immolation
 y - a scroll of blinking
Potions
 p - 3 potions of flight
 u - 2 potions of agility
 v - 2 potions of curing
 z - a potion of resistance
 C - 2 potions of magic
 D - a potion of might
 M - a potion of brilliance
Miscellaneous
 H - a sack of spiders
Comestibles
 c - 20 rations


   Skills:
 + Level 7.7 Fighting
 + Level 9.7 Axes
 + Level 3.5 Throwing
 * Level 11.0 Armour
 + Level 2.1 Dodging
 + Level 4.0 Shields
 * Level 10.4 Invocations
 + Level 0.6 Evocations


You had 12 spell levels left.
You didn't know any spells.
Your spell library contained the following spells:

 Spells                   Type           Power        Failure   Level  Hunger
 Animate Skeleton         Necr           N/A          100%        1    ##.....
 Freeze                   Ice            #...         100%        1    ##.....
 Pain                     Necr           #...         100%        1    ##.....
 Poisonous Vapours        Pois/Air       #.....       100%        2    ###....
 Throw Frost              Conj/Ice       #.....       100%        2    ###....
 Conjure Flame            Conj/Fire      #.......     100%        3    ####...
 Mephitic Cloud           Conj/Pois/Air  #.......     100%        3    ####...
 Ozocubu's Armour         Chrm/Ice       #.......     100%        3    ####...
 Regeneration             Chrm/Necr      #.........   100%        3    ####...
 Vampiric Draining        Necr           #.........   100%        3    ####...
 Animate Dead             Necr           N/A          100%        4    #####..
 Summon Ice Beast         Ice/Summ       #.......     100%        4    #####..
 Throw Icicle             Conj/Ice       #.......     100%        4    #####..
 Freezing Cloud           Conj/Ice/Air   #.........   100%        6    #######
 Ring of Flames           Chrm/Fire      #.........   100%        7    #######


Dungeon Overview and Level Annotations

Branches:
Dungeon (13/15)            Temple (0/1) D:6            Lair (3/6) D:11
  Swamp (0/4) Lair:2        Snake (0/4) Lair:2          Orc (0/2) D:11
 Vaults: D:13-14

Altars:
Ashenzari
Cheibriados
Fedhas
Hepliaklqana
Kikubaaqudgha
Nemelex Xobeh
Okawaru
Ru
Trog
Zin

Shops:
D:9 :

Annotations:
Lair:1 exclusion: oklob plant
Abyss:1 Azrael, Urug


Innate Abilities, Weirdness & Mutations

You have hooves in place of feet.
Armour fits poorly on your strangely shaped body.
You cover ground very quickly.
You have extremely tough skin. (AC +3)
You are partially covered in rugged brown scales. (AC +1, +3% HP)
You can translocate small distances at will.


Message History

The catoblepas breathes a plume of calcifying dust at you.
The blast of calcifying dust hits you!
Your limbs are stiffening.
You hit the catoblepas. You freeze the catoblepas.
Your kick misses the catoblepas.
The catoblepas is almost dead.
You are engulfed in calcifying dust.
The catoblepas gores you.
You have turned to stone.
You are engulfed in calcifying dust.
The catoblepas gores you!
You are engulfed in calcifying dust.
The catoblepas gores you!! The catoblepas gores you!!
* * * LOW HITPOINT WARNING * * *
The catoblepas gores you!!
* * * LOW HITPOINT WARNING * * *
The catoblepas gores you but does no damage.
The catoblepas gores you!!
* * * LOW HITPOINT WARNING * * *
The catoblepas breathes a plume of calcifying dust at you.
The blast of calcifying dust hits you!
You are engulfed in calcifying dust.
The catoblepas gores you!
You die...

...........#
####P.##.#.# ....##
### ##..# .....#
#.<## ....# ##..#
....## ##.## ....P#
#.§.# ....## ##§##
.....# #@# ..†.#
### #Y## ##P.#
#####.####..#
##..###..##..#.#..#
###..............P#
# #...)..........##
# #...............#
#
#..............#.#
#
#.P##...........##


You could see a catoblepas.

Vanquished Creatures
  Snorg (D:11)
  Erolcha (D:10)
  A two-headed ogre (D:11)
  A manticore (D:10)
  2 cyclopes
  A centaur zombie (D:11)
  Maurice (D:11)
  Psyche (D:10)
  A gargoyle (D:12)
  A centaur skeleton (D:11)
  2 black mambas
  2 spiny frogs (Lair:2)
  2 komodo dragons
  A torpor snail (Lair:1)
  A rime drake (Lair:1)
  5 hippogriffs
  4 blink frogs (Lair:1)
  4 wyverns
  A shadow (D:11)
  20 yaks
  A basilisk (Lair:2)
  2 fire elementals (D:11)
  A steam dragon (D:11)
  A hungry ghost (D:11)
  3 wargs (D:11)
  4 vampire mosquitoes (Lair:2)
  3 nagas (Lair:2)
  A soldier ant (D:12)
  An acid dragon (D:12)
  4 hell hounds
  5 porcupines
  10 water moccasins
  2 sky beasts
  6 orc warriors
  2 black bears
  6 phantoms
  An eye of draining (D:9)
  3 ice beasts
  2 centaurs
  8 ogres
  A crocodile (Lair:2)
  A big kobold (D:9)
  12 bullfrogs
  A water moccasin zombie (D:8)
  A wyvern skeleton (D:12)
  A wyvern zombie (D:6)
  6 scorpions
  9 killer bees
  An electric eel (Lair:2)
  5 wights (D:12)
  3 howler monkeys
  3 jellies
  7 crimson imps
  A quasit (D:5)
  5 bullfrog zombies
  8 hounds
  12 orc priests
  11 orc wizards
  4 iguanas
  10 worker ants
  A killer bee zombie (D:7)
  3 hound skeletons
  10 adders
  3 gnolls (D:8)
  A howler monkey skeleton (D:4)
  2 oozes
  2 adder skeletons
  An adder zombie (D:9)
  5 worms
  2 dart slugs
  10 leopard geckos
  43 orcs
  2 ball pythons
  5 giant cockroaches
  15 goblins
  12 hobgoblins
  12 jackals
  6 quokkas
  7 bats
  2 frilled lizards
  9 kobolds
  2 leopard gecko skeletons
  3 quokka skeletons
  6 rats
  A fungus (Lair:1)
386 creatures vanquished.

Vanquished Creatures (collateral kills)
  2 wargs (D:11)
2 creatures vanquished.

Vanquished Creatures (others)
  3 two-headed ogres
  A death yak (Lair:1)
  A spiny frog (Lair:1)
  A komodo dragon (Lair:1)
  2 trolls
  A vampire (D:11)
  An acid dragon (D:12)
  2 orcs (D:12)
  2 fungi
  2 plants
16 creatures vanquished.

Grand Total: 404 creatures vanquished

Notes
Turn   | Place    | Note
-------+----------+-------------------------------------------
     0 | Abyss:1  | Gargoyl the Centaur Abyssal Knight began the quest for the
                  | Orb.
     0 | Abyss:1  | Reached XP level 1. HP: 19/19 MP: 2/2
    58 | Abyss:1  | Found a corrupted altar of Lugonu.
    95 | Abyss:1  | Noticed a large abomination
    97 | Abyss:1  | Noticed a cyan very ugly thing
   106 | Abyss:1  | Noticed a thrashing horror
   112 | D:1      | Escaped the Abyss
   455 | D:1      | Reached XP level 2. HP: 19/26 MP: 3/3
   588 | D:1      | Reached * piety under Lugonu
  1060 | D:2      | Reached XP level 3. HP: 22/31 MP: 4/4
  1102 | D:2      | Reached skill level 2 in Armour
  1118 | D:2      | HP: 1/31 [worm (4)]
  1541 | D:2      | Reached skill level 1 in Dodging
  1729 | D:2      | Found an iron altar of Okawaru.
  1810 | D:2      | Reached ** piety under Lugonu
  1816 | D:2      | Reached XP level 4. HP: 34/38 MP: 5/5
  2122 | D:2      | Found a bloodstained altar of Trog.
  2590 | D:3      | Reached XP level 5. HP: 45/45 MP: 7/7
  3672 | D:4      | Reached skill level 3 in Armour
  3672 | D:4      | Reached XP level 6. HP: 30/52 MP: 8/8
  3854 | D:4      | Found a blossoming altar of Fedhas.
  4065 | D:3      | Gained mutation: You are partially covered in rugged brown
                  | scales. (AC +1, +3% HP) [potion of mutation]
  4065 | D:3      | Gained mutation: You can translocate small distances at
                  | will. [potion of mutation]
  4362 | D:3      | Reached *** piety under Lugonu
  4722 | D:4      | Found a glowing silver altar of Zin.
  4889 | D:4      | Reached skill level 4 in Armour
  5183 | D:5      | Entered Level 5 of the Dungeon
  5191 | D:5      | Got a jade-studded leather armour
  5202 | D:5      | Identified the +1 leather armour "Saosix" {-Tele rN++
                  | Regen+ rCorr} (You found it on level 5 of the Dungeon)
  5334 | D:5      | Noticed an ice beast
  5352 | D:5      | Killed an ice beast
  5352 | D:5      | Reached XP level 7. HP: 16/60 MP: 9/9
  7237 | D:6      | Reached XP level 8. HP: 40/69 MP: 10/10
  7691 | D:6      | Reached skill level 5 in Armour
  8217 | D:6      | Reached skill level 5 in Axes
  8749 | D:6      | Found a staircase to the Ecumenical Temple.
  9035 | D:6      | Found an ancient bone altar of Kikubaaqudgha.
  9036 | D:6      | Found a bloodstained altar of Trog.
  9037 | D:6      | Found a sacrificial altar of Ru.
  9039 | D:6      | Found a snail-covered altar of Cheibriados.
  9255 | D:7      | Reached **** piety under Lugonu
  9376 | D:7      | Reached skill level 1 in Throwing
  9376 | D:7      | Reached skill level 6 in Armour
  9423 | D:7      | Noticed a hippogriff
  9463 | D:6      | Killed a hippogriff
  9475 | D:6      | Reached XP level 9. HP: 29/75 MP: 12/12
  9796 | D:7      | Reached skill level 5 in Fighting
 10455 | D:7      | Reached skill level 5 in Invocations
 10906 | D:8      | Noticed a two-headed ogre
 10926 | D:7      | Banished a two-headed ogre
 11319 | D:8      | Reached skill level 7 in Armour
 11798 | D:8      | Found a hazy altar of Hepliaklqana.
 11812 | D:8      | Found a sparkling altar of Nemelex Xobeh.
 11813 | D:8      | Found a shattered altar of Ashenzari.
 13081 | D:9      | Reached XP level 10. HP: 83/85 MP: 14/14
 13987 | D:9      | Found Hudablau's Book Emporium.
 14069 | D:10     | Entered Level 10 of the Dungeon
 14972 | D:10     | Reached skill level 1 in Shields
 14998 | D:10     | Noticed Erolcha
 15010 | D:10     | Killed Erolcha
 15295 | D:10     | Noticed a manticore
 15308 | D:10     | Killed a manticore
 15308 | D:10     | Reached skill level 8 in Armour
 15744 | D:10     | Noticed Psyche
 15748 | D:10     | Cast into level 1 of the Abyss (Psyche)
 15794 | Abyss:1  | Noticed a wretched star
 15795 | D:10     | Escaped the Abyss
 15814 | D:10     | Killed Psyche
 16475 | D:11     | Noticed a two-headed ogre
 16493 | D:11     | Banished a two-headed ogre
 16633 | D:11     | Noticed Urug
 16639 | D:11     | Banished Urug
 16879 | D:11     | Reached XP level 11. HP: 30/93 MP: 11/16
 17173 | D:11     | Noticed a two-headed ogre
 17242 | D:11     | Killed a two-headed ogre
 18030 | D:11     | Found a staircase to the Orcish Mines.
 18057 | D:11     | Reached skill level 9 in Armour
 18285 | D:11     | Found a staircase to the Lair.
 18902 | D:11     | Noticed Snorg
 18948 | D:11     | Killed Snorg
 20238 | D:12     | Noticed Azrael
 20932 | D:11     | Banished Azrael
 22019 | D:11     | Reached XP level 12. HP: 59/103 MP: 18/18
 22235 | D:11     | Reached skill level 10 in Armour
 22643 | D:12     | Noticed Maurice
 23072 | D:11     | Killed Maurice
 23747 | D:12     | Noticed a two-headed ogre
 23748 | D:12     | Banished a two-headed ogre
 24443 | D:12     | Found a bloodstained altar of Trog.
 25159 | Lair:1   | Entered Level 1 of the Lair of Beasts
 27626 | Lair:2   | Noticed a death yak
 27627 | Lair:2   | Noticed a death yak
 27688 | Lair:1   | Banished a death yak
 28094 | Lair:1   | Banished a death yak
 28476 | Lair:2   | Reached skill level 10 in Invocations
 28946 | Lair:2   | Found a staircase to the Snake Pit.
 29967 | Lair:2   | Found a staircase to the Swamp.
 29985 | Lair:2   | Reached skill level 11 in Armour
 30504 | Lair:3   | Noticed a catoblepas
 31124 | Lair:2   | Reached XP level 13. HP: 100/110 MP: 20/20
 31248 | Lair:3   | HP: 5/110 [catoblepas (10)]
 31250 | Lair:3   | Slain by a catoblepas

Skill      XL: |  1  2  3  4  5  6  7  8  9 10 11 12 |
---------------+-------------------------------------+-----
Axes           | 2 3 4 5 6 7 9 |  9.7
Armour         | 2 3 4 6 7 8 9 11 | 11.0
Dodging        | 1 2 |  2.1
Invocations    | 3 4 6 7 8 10 | 10.4
Fighting       | 4 6 7 |  7.7
Throwing       | 1 2 3 |  3.5
Shields        | 1 3 4 |  4.0
Evocations     | |  0.6

Action                   |  1- 3 |  4- 6 |  7- 9 | 10-12 | 13-15 || total
-------------------------+-------+-------+-------+-------+-------++-------
Melee: Hand axe          |    98 |   287 |   645 |  1318 |    20 ||  2368
       Kick              |    15 |    48 |   144 |   401 |    11 ||   619
Throw: Javelin           |       |       |    23 |    51 |       ||    74
Invok: Depart the Abyss  |     1 |       |       |     1 |       ||     2
       Banish            |       |       |     1 |    21 |       ||    22
Evoke: Wand              |       |       |     1 |     7 |       ||     8
       Sack of spiders   |       |       |       |     1 |       ||     1
  Use: Scroll            |     7 |     2 |    12 |     8 |       ||    29
       Potion            |       |     5 |     4 |     6 |       ||    15
  Eat: Chunk             |     2 |    11 |    14 |    38 |       ||    65
       Ration            |       |       |     2 |     9 |       ||    11
Armor: Leather armour    |    26 |       |       |       |       ||    26
       Scale mail        |    42 |    57 |       |       |       ||    99
       Plate armour      |       |   230 |   611 |   848 |    22 ||  1711
       Skin              |       |       |    44 |     5 |       ||    49
Dodge: Dodged            |    55 |    85 |   128 |   154 |     1 ||   423
Block: Large shield      |       |       |    17 |       |       ||    17
       Shield            |       |       |     8 |   481 |     1 ||   490
